Map: Central Protocol

Players

TitaN - Winner!

  • Race: Protoss Protoss
  • League: Silver

Gadograff

  • Race: Protoss Protoss

VOD

Have the link to the VOD?

Description

Time

  • Played on: Dec. 19, 2015, 12:33 a.m.
  • Length: 7:27
Show
View Real Time Build Order
Export as new Build Order

TitaN Protoss - Winner!

Build Orders: 1 Gate Expand 

Get SALT Encoding   

  12  0:01  Probe (Chrono Boost)  
  13  0:12  Probe (Chrono Boost)  
  14  0:18  Pylon  
  14  0:23  Probe (Chrono Boost)  
  15  0:37  Probe (Chrono Boost)  
  15  0:38  Gateway  
  16  0:44  Assimilator  
  16  0:47  Probe (Chrono Boost)  
  17  0:58  Probe (Chrono Boost)  
  18  1:08  Probe (Chrono Boost)  
  19  1:19  Probe (Chrono Boost)  
  20  1:26  Cybernetics Core  
  20  1:35  Probe (Chrono Boost)  
  21  1:44  Nexus  
  21  1:45  Probe (Chrono Boost)  
  22  1:56  Probe (Chrono Boost)  
  22  1:58  Assimilator  
  23  2:14  Pylon  
  23  2:16  Warp Gate (Chrono Boost)  
  23  2:32  Mothership Core, Adept  
  23  2:33  Pylon  
  23  2:35  Pylon  
  27  2:49  Robotics Facility  
  27  2:59  Adept  
  27  3:00  Probe  
  27  3:01  Probe  
  31  3:10  Probe  
  32  3:14  Probe  
  33  3:21  Probe  
  33  3:26  Adept  
  36  3:32  Pylon  
  36  3:43  Forge  
  36  3:46  Gateway, Probe  
  37  3:53  Adept  
  39  3:58  Gateway, Probe  
  40  4:16  Protoss Ground Weapons Level 1  
  40  4:25  Twilight Council, Warp Prism  
  40  4:27  Pylon  
  42  4:42  Stalker  
  40  5:05  Adept x2  
  44  5:19  Probe (Chrono Boost)  
  45  5:29  Probe (Chrono Boost)  
  45  5:32  Probe (Chrono Boost)  
  47  5:40  Probe (Chrono Boost)  
  47  5:42  Dark Shrine  
  48  5:43  Probe (Chrono Boost)  
  48  5:44  Resonating Glaives  
  49  5:50  Probe (Chrono Boost)  
  49  5:53  Probe (Chrono Boost)  
  49  5:54  Adept  
  49  5:55  Adept x2  
  57  6:01  Probe (Chrono Boost)  
  59  6:04  Probe (Chrono Boost)  
  60  6:11  Probe (Chrono Boost)  
  60  6:14  Probe (Chrono Boost)  
  59  6:22  Adept x3  
  63  6:42  Mothership Core (Chrono Boost)  
  63  6:44  Stalker x2  
  65  6:52  Pylon  
  60  7:05  Dark Templar  
Show
View Real Time Build Order
Export as new Build Order

Gadograff Protoss 

Build Orders:  

Get SALT Encoding   

  12  0:02  Probe (Chrono Boost)  
  13  0:20  Probe (Chrono Boost)  
  14  0:25  Pylon  
  14  0:31  Probe (Chrono Boost)  
  15  0:48  Gateway  
  15  0:51  Gateway  
  15  0:53  Probe (Chrono Boost)  
  17  1:04  Probe (Chrono Boost)  
  17  1:17  Gateway  
  17  1:19  Probe (Chrono Boost)  
  17  1:20  Pylon  
  17  1:25  Assimilator  
  18  1:35  Cybernetics Core  
  18  1:59  Zealot  
  18  2:01  Gateway, Pylon  
  20  2:05  Zealot  
  22  2:18  Zealot (Chrono Boost)  
  24  2:24  Probe (Chrono Boost)  
  27  2:31  Zealot (Chrono Boost)  
  27  2:34  Probe (Chrono Boost)  
  28  2:38  Zealot (Chrono Boost)  
  30  2:55  Warp Gate (Chrono Boost)  
  30  2:56  Pylon  
  30  2:58  Pylon  
  30  3:01  Pylon  
  30  3:14  Zealot x3  
  36  3:23  Zealot  
  38  3:31  Twilight Council  
  38  3:41  Zealot  
  38  3:46  Zealot  
  42  3:48  Zealot  
  44  4:14  Probe, Assimilator  
  45  4:26  Probe  
  46  4:43  Pylon  
  46  4:44  Pylon  
  30  5:06  Stalker  
  30  5:07  Stalker x3  
  36  5:38  Charge (Chrono Boost)  
  36  5:40  Zealot x3  
  36  5:41  Zealot  
  44  6:04  Stalker x2  
  45  6:13  Zealot x2  
  31  6:44  Zealot  
  31  6:45  Zealot  
Tags
 
Add a new tag
Caveats
  • Supply blocks, unpowered buildings, or Contaminate may cause inaccurate times.
  • Supply counts are checked every 10 seconds.